 Dungeon Crawl Stone Soup version 0.29.1-1-gd02db6906a (webtiles) character file.

Game seed: 13885170100270615393

179 LustLizard the Trooper (level 5, 0/42 HPs)
             Began as a Demonspawn Fighter on Oct 4, 2022.
             Slain by a hobgoblin
             ... wielding a +3 dagger
             ... led by Robin
              (10 damage)
             ... on level 3 of the Dungeon.
             The game lasted 00:04:34 (3478 turns).

LustLizard the Trooper (Demonspawn Fighter)         Turns: 3478, Time: 00:04:34

Health: 0/42       AC: 10    Str: 16    XL:     5   Next: 32%
Magic:  5/5        EV:  6    Int: 10    God:
Gold:   173        SH:  5    Dex: 14    Spells: 4/4 levels left

rFire   . . .      SeeInvis +   a - +0 long sword
rCold   . . .      Faith    .   c - +0 buckler
rNeg    . . .      Spirit   .   q - +0 chain mail
rPois   .          Reflect  .   (no helmet)
rElec   .          Harm     .   (no cloak)
rCorr   .          Rampage  .   k - +0 pair of gloves
Will    .....                   (no boots)
Stlth   ..........              (no amulet)
HPRegen 0.14/turn               j - ring of see invisible
MPRegen 0.09/turn               (no ring)

@: no status effects
A: powered by pain 1, spiny 1, weakness stinger 1
a: no special abilities


You were on level 3 of the Dungeon.
You visited 1 branch of the dungeon, and saw 4 of its levels.

You collected 173 gold pieces.

Inventory:

Hand Weapons
 a - a +0 long sword (weapon)
 t - the +8 whip "Snakebite" {venom, curare, rPois}
   (You found it on level 3 of the Dungeon)

   It poisons the flesh of those it strikes.
   It occasionally inflicts asphyxiating poison on those it strikes, dealing
   poison damage and causing slowness.
   rPois:     It protects you from poison.
Missiles
 h - 12 poisoned darts (quivered)
Armour
 b - a +0 scale mail
 c - a +0 buckler (worn)
 k - a +0 pair of gloves (worn)
 q - a +0 chain mail (worn)
Jewellery
 j - a ring of see invisible (left hand)
Scrolls
 f - 2 scrolls of butterflies {unknown}
 g - 4 scrolls of identify
 i - a scroll of fear {unknown}
 l - a scroll of blinking {unknown}
 n - a scroll of noise {unknown}
 p - a scroll of vulnerability {unknown}
 s - a scroll of enchant armour {unknown}
Potions
 d - a potion of might
 e - a potion of heal wounds
 m - a potion of berserk rage
 o - a potion of invisibility
 r - a potion of brilliance


   Skills:
 + Level 3.8 Fighting
 * Level 3.4 Long Blades
 + Level 3.4 Armour
 + Level 3.3 Shields


You had 4 spell levels left.
You didn't know any spells.
Your spell library was empty.

Dungeon Overview and Level Annotations

Branches:
Dungeon (4/15)
 Temple: D:4-7

Altars:
Ashenzari
Wu Jian

Annotations:
D:3 Robin


Innate Abilities, Weirdness & Mutations

You sometimes gain a little power by taking damage.
You are partially covered in sharp spines.
You have a small tail.


Message History

a +0 club; a goblin corpse
Things that are here:
a +0 club; a goblin corpse You start resting.
Robin is nearby!
Robin roars a battlecry!
Things that are here:
a +0 club; a goblin corpse A goblin comes into view.
It is wielding a +0 dagger.
A goblin comes into view. It is wielding a +0 short sword.
A hobgoblin comes into view. It is wielding a +3 dagger.
A goblin comes into view. It is wielding a +0 club.
The goblin shouts!
The hobgoblin shouts!
Robin zaps a wand.
The puff of flame hits you!
You closely miss Robin. You tail-slap Robin.
Robin is moderately wounded.
Robin throws the goblin at you! The goblin is struck by your spines.
The goblin hits you but does no damage. The goblin is struck by your spines.
The goblin closely misses you.
Robin zaps a wand.
The puff of flame hits you.
You barely miss Robin. You tail-slap Robin.
Robin is moderately wounded.
The goblin hits you but does no damage.
Robin says, "A pitiful Demonspawn like you will never find the ORB!"
You block the goblin's attack.
The hobgoblin hits you with a +3 dagger.
The hobgoblin hits you with a +3 dagger!
Robin hits you but does no damage. The goblin hits you but does no damage.
You block the goblin's attack.
You barely miss Robin.
Robin is moderately wounded.
The goblin is struck by your spines.
You kill the goblin!
The goblin is struck by your spines.
You kill the goblin!
Robin zaps a wand.
The puff of flame hits you.
* * * LOW HITPOINT WARNING * * *
The goblin is struck by your spines.
You kill the goblin!
The hobgoblin hits you with a +3 dagger!
You die...

...# ##..................... ##.#
#......................
#.########......................
#.......##......................
#.#####.###.....................
##.# #.# ##....................
#..# #.# #....................
.#.## #.# #...)................
###.####.####..)@)........)......
# ##.......)))#gg###...##..######
##.##..#####.####..####.# #
##.......# #....#.## #.#
###.#####..# #.##...# #># .#.##
#..# #.##.#.# #.# #..# #..#
#.#..#.# #.# #..# #..# #..#.#.#
#.# ..)######..####.##.#.# #.#


You could see Robin and a hobgoblin (strong).

Vanquished Creatures
  Crazy Yiuf (D:3)
  Natasha (twice) (D:3)
  3 adders (D:2)
  2 worms
  3 dart slugs
  An orc (D:3)
  4 endoplasms
  A giant cockroach (D:2)
  12 goblins
  5 hobgoblins
  6 jackals
  4 quokkas
  2 ball pythons
  6 bats
  7 frilled lizards
  3 kobolds
  6 rats
68 creatures vanquished.

Notes
Turn   | Place    | Note
-------+----------+-------------------------------------------
     0 | D:1      | LustLizard the Demonspawn Fighter began the quest for the
                  | Orb.
     0 | D:1      | Reached XP level 1. HP: 18/18 MP: 1/1
   490 | D:1      | Gained mutation: You have a small tail. [demonic ancestry]
   490 | D:1      | Reached XP level 2. HP: 4/24 MP: 2/2
  1448 | D:2      | Gained mutation: You are partially covered in sharp spines.
                  | [demonic ancestry]
  1448 | D:2      | Reached XP level 3. HP: 29/29 MP: 3/3
  1943 | D:2      | Reached XP level 4. HP: 23/35 MP: 4/4
  2077 | D:2      | Found an ornate altar of the Wu Jian Council.
  2414 | D:2      | Found a faded altar of an unknown god.
  2581 | D:3      | Noticed Natasha
  2589 | D:3      | Killed Natasha
  2742 | D:3      | Noticed Natasha
  2747 | D:3      | Killed Natasha
  2747 | D:3      | Noticed Robin
  2924 | D:3      | Gained mutation: You sometimes gain a little power by
                  | taking damage. [demonic ancestry]
  2924 | D:3      | Reached XP level 5. HP: 42/42 MP: 5/5
  3201 | D:3      | You fall into a shaft and drop 1 floor!
  3201 | D:4      | Found a broken altar of Ashenzari.
  3285 | D:3      | Found a runed translucent door.
  3285 | D:3      | Found the +8 whip "Snakebite" {venom, curare, rPois}
  3286 | D:3      | Noticed Crazy Yiuf
  3293 | D:3      | Killed Crazy Yiuf
  3478 | D:3      | Slain by a hobgoblin

Illustrated notes

Levels and vault maps discovered:
D:1:      dpeg_arrival_brainrot, layout_basic
D:2:      layout_basic, basic_altar, shapermc_ecumenical_altar_acropolis,
          kennysheep_path_1, nicolae_figureground_sparkle
D:3:      layout_loops_ring, wad_floor_pattern_2, minmay_misc_feat_tiny,
          st_stairs_8, kennysheep_generic_room_2, uniq_natasha, uniq_robin,
          uniq_crazy_yiuf_cottage
D:4:      layout_loops_ring, lemuel_tele_altar, ashenzari_conservatory_becter,
          chei_slow_surprise, minmay_small_thing

Skill      XL: |  1  2  3  4 |
---------------+-------------+-----
Long Blades    | 2 3 |  3.4
Armour         | 3 |  3.4
Shields        | 3 |  3.3
Fighting       | |  3.8

Action                   |  1- 3 |  4- 6 || total
-------------------------+-------+-------++-------
Melee: Long sword        |   103 |    49 ||   152
       Tailslap          |    11 |    11 ||    22
  Use: Scroll            |       |     4 ||     4
       Potion            |       |     1 ||     1
Armor: Scale mail        |    45 |     7 ||    52
       Chain mail        |       |    18 ||    18
Dodge: Dodged            |    47 |     7 ||    54
Block: Buckler           |    26 |    14 ||    40
